 Dungeon Crawl Stone Soup version 0.28-a0-779-g3d1f99b579 (webtiles) character file.

Game seed: 3086058450668982556

3430 kae the Grappler (level 9, -6/88 HPs)
             Began as a Yellow Draconian Transmuter on Nov 2, 2021.
             Was a Follower of Uskayaw.
             Killed from afar by an electric eel (9 damage)
             ... with a bolt of electricity
             ... on level 8 of the Dungeon.
             The game lasted 00:07:29 (12924 turns).

kae the Grappler (Yellow Draconian Transmuter)     Turns: 12924, Time: 00:07:31

Health: -6/88      AC:  7    Str: 13    XL:     9   Next: 77%
Magic:  16/16      EV: 11    Int: 16    God:    Uskayaw [*.....]
Gold:   341        SH:  0    Dex: 12    Spells: 9/17 levels left

rFire   x . .      SeeInvis .     - Unarmed
rCold   + + +      Faith    .   (shield currently unavailable)
rNeg    . . .      Spirit   .   (armour unavailable)
rPois   +          Reflect  .   (helmet currently unavailable)
rElec   .          Harm     .   (cloak currently unavailable)
rCorr   .          Rampage  .   (gloves currently unavailable)
Will    .....                   (boots currently unavailable)
Stlth   +.........              s - amulet of magic regeneration
HPRegen 0.24/turn               (no ring)
MPRegen 0.40/turn               (no ring)

@: ice-form
A: freezing attack, amphibious, boosted hp, (spit acid), AC +7, large, unfitting
armour, (cold-blooded), (acid resistance)
a: End Transformation, Renounce Religion, Stomp


You were on level 8 of the Dungeon.
You worshipped Uskayaw.
Uskayaw was noncommittal.
You were a creature of crystalline ice.
You visited 1 branch of the dungeon, and saw 8 of its levels.
You also visited: Sewer and Ossuary.

You collected 341 gold pieces.

Inventory:

Jewellery
 s - an amulet of magic regeneration (around neck)
Wands
 h - a wand of paralysis (5)
Scrolls
 b - 3 scrolls of teleportation
 c - 3 scrolls of amnesia
 p - a scroll of fear
 q - 3 scrolls of enchant armour
 t - a scroll of fog
 u - a scroll of identify
 v - a scroll of noise {unknown}
Potions
 a - 3 potions of heal wounds
 d - 2 potions of attraction
 e - a potion of brilliance
 f - 2 potions of lignification
 g - 3 potions of curing {unknown}
 i - 2 potions of invisibility {unknown}
 j - 5 potions of might {unknown}
 k - 2 potions of haste {unknown}
 l - 3 potions of magic {unknown}
 m - a potion of mutation {unknown}
 n - 2 potions of cancellation {unknown}
 o - 2 potions of resistance {unknown}
 r - a potion of ambrosia {unknown}


   Skills:
 + Level 5.6 Fighting
 + Level 5.0 Dodging
 * Level 8.0 Unarmed Combat
 + Level 4.9 Spellcasting
 + Level 5.4 Transmutations
 - Level 5.0 Ice Magic
 - Level 2.0 Poison Magic
 + Level 1.9 Invocations


You had 9 spell levels left.
You knew the following spells:

 Your Spells              Type           Power      Damage    Failure   Level
a - Beastly Appendage     Tmut           42%        N/A       1%          1
b - Spider Form           Tmut/Pois      15%        N/A       10%         3
c - Ice Form              Ice/Tmut       20%        N/A       19%         4

Your spell library contained the following spells:

 Spells                   Type           Power      Damage    Failure   Level
 Wereblood                Tmut           21%        N/A       2%          2


Dungeon Overview and Level Annotations

Branches:
Dungeon (8/15)             Temple (0/1) D:5           Sewer (visited)
Ossuary (visited)
   Lair: D:8-11

Altars:
Elyvilon
Hepliaklqana
Kikubaaqudgha
Ru
Sif Muna
Uskayaw
Xom
Zin

Shops:
D:3 [   D:5 :

Annotations:
D:3 Sigmund
D:7 2 transporters, kae's ghost, novice SpEn


Innate Abilities, Weirdness & Mutations

You are a creature of crystalline ice.
You have a powerful freezing melee attack.
You are amphibious.
Your maximum health is increased.
Your armour is entirely melded.
You are incapable of wielding weapons or throwing items.
((You can spit globs of acid.))
((Your golden yellow scales are hard. (AC +7)))
You cannot fit into any form of body armour.
((You are cold-blooded and may be slowed by cold attacks.))
((You are resistant to acid. (rCorr)))


Message History

The lava snake suddenly stops moving!
The electric eel shoots out a bolt of lightning at you!
The bolt of electricity misses you.
Casting: Ice Form (dangerous; 19% risk of failure)
Confirm with . or Enter, or press ? or * to list all spells.
You turn into a creature of crystalline ice.
The electric eel shoots out a bolt of lightning at you!
The bolt of electricity hits you!
The electric eel shoots out a bolt of lightning at you!
The bolt of electricity hits you! x2
The bolt of electricity misses the electric eel.
The electric eel shoots out a bolt of lightning at you!
The bolt of electricity hits you! The bolt of electricity hits you.
The bolt of electricity hits the electric eel.
The electric eel completely resists.
You barely miss the electric eel.
The electric eel shoots out a bolt of lightning at you!
The bolt of electricity hits you!
* * * LOW HITPOINT WARNING * * *
The bolt of electricity hits you!
* * * LOW HITPOINT WARNING * * *
The bolt of electricity hits the electric eel.
The electric eel completely resists.
There's nothing to close nearby.
Unknown command.
The lava snake is no longer paralysed.
Aiming: Paralyse
Press: ? - help, Shift-Dir - straight line, f - electric eel
Aim: an electric eel (water, chance to affect: 54%)
The electric eel resists with significant effort.
The electric eel shoots out a bolt of lightning at you!
The bolt of electricity hits you!
* * * LOW HITPOINT WARNING * * *
Aiming: Paralyse
Press: ? - help, Shift-Dir - straight line, f/p - electric eel
Aim: an electric eel (water, chance to affect: 54%)
The electric eel resists with significant effort.
The electric eel shoots out a bolt of lightning at you!
The bolt of electricity hits you!
You die...

#.# #.# ... #.# #.#
##..#.# #.# #.# .......
... ..# # #. .≈≈≈... ###
#.#. ##.≈#≈≈≈≈ #.#.
#..≈≈≈≈#≈≈
#...##.≈≈S#≈≈≈≈#≈.#
###....$YS#≈≈≈≈#≈≈≈.#
.........≈≈≈≈#≈≈≈≈..#
.###...≈≈≈#≈≈≈≈#≈..#
#.#.≈#≈≈≈≈#≈≈≈[.#
.###.#.≈≈≈≈#≈≈≈≈...#
.∩.........≈≈≈≈#≈.#.#####
#.###....#....≈≈≈........
........###.......#######
#.####..###.##..###


You could see a lava snake and an electric eel.

Vanquished Creatures
  A hornet (D:7)
  A wraith (D:6)
  3 wyverns
  A steam dragon (D:7)
  2 ice beasts
  A necrophage (D:4)
  An ogre (D:7)
  6 kobold brigands
  A bullfrog (D:7)
  4 scorpions
  A wyvern zombie (D:6)
  A wyvern skeleton (D:7)
  5 killer bees (D:8)
  5 wights (D:8)
  An electric eel (D:8)
  6 centaur zombies
  A bullfrog zombie (D:7)
  3 hounds
  A gnoll shaman (D:7)
  A jelly (D:4)
  An orc priest (D:4)
  2 centaur skeletons (D:7)
  Jessica (D:3)
  Terence (D:3)
  3 orc wizards
  A killer bee zombie (D:8)
  4 mummies (Ossuary)
  A howler monkey skeleton (D:7)
  2 river rats (Sewer)
  7 adders
  A white imp (D:8)
  2 adder skeletons (D:4)
  7 worms
  A dart slug (D:1)
  7 orcs
  6 bats
  9 endoplasms
  12 giant cockroaches
  9 goblins
  7 hobgoblins
  4 jackals
  4 quokkas
  12 ball pythons
  2 hobgoblin zombies (Ossuary)
  16 kobolds
  12 rats
180 creatures vanquished.

Vanquished Creatures (others)
  A sky beast (D:7)
  A fungus (D:4)
2 creatures vanquished.

Grand Total: 182 creatures vanquished

Notes
Turn   | Place    | Note
-------+----------+-------------------------------------------
     0 | D:1      | kae the Draconian Transmuter began the quest for the Orb.
     0 | D:1      | Reached XP level 1. HP: 16/16 MP: 3/3
    39 | D:1      | You fall into a shaft and drop 1 floor!
   210 | D:2      | Reached XP level 2. HP: 20/23 MP: 5/5
  1152 | D:1      | Reached XP level 3. HP: 25/29 MP: 6/6
  1164 | D:1      | Learned a level 3 spell: Spider Form
  2407 | D:2      | Found a faded altar of an unknown god.
  2619 | D:3      | Reached XP level 4. HP: 28/36 MP: 7/7
  2732 | D:3      | Noticed Sigmund
  2887 | D:3      | Noticed Jessica
  2900 | D:3      | Killed Jessica
  2927 | D:3      | Reached skill level 1 in Poison Magic
  3748 | D:3      | Found Hetextu's Armour Shop.
  3813 | D:3      | Noticed Terence
  3825 | D:3      | Killed Terence
  3826 | D:3      | Reached skill level 4 in Unarmed Combat
  3826 | D:3      | Reached XP level 5. HP: 30/41 MP: 5/8
  3970 | D:3      | Learned a level 4 spell: Ice Form
  4080 | D:4      | Found a glowing drain.
  4169 | Sewer    | Entered a sewer
  4375 | Sewer    | Reached skill level 1 in Ice Magic
  4699 | Sewer    | Reached XP level 6. HP: 34/50 MP: 6/10
  5681 | Sewer    | Your scales start taking on a golden yellow colour.
  5681 | Sewer    | Reached XP level 7. HP: 48/57 MP: 9/11
  5681 | Sewer    | Gained mutation: You are resistant to acid. (rCorr) [Yellow
                  | Draconian growth]
  6079 | D:4      | Noticed a wyvern
  6095 | D:4      | Killed a wyvern
  6096 | D:4      | Reached skill level 5 in Unarmed Combat
  6974 | D:4      | Found a sacrificial altar of Ru.
  6977 | D:4      | Found a white marble altar of Elyvilon.
  7363 | D:5      | Entered Level 5 of the Dungeon
  7363 | D:5      | Found a sand-covered staircase.
  7386 | Ossuary  | Entered an ossuary
  7687 | Ossuary  | Reached XP level 8. HP: 54/66 MP: 13/13
  8018 | D:5      | Found a hazy altar of Hepliaklqana.
  8435 | D:5      | Noticed a +0 spear
  8435 | D:5      | Noticed a +0 dagger
  8435 | D:5      | Noticed a +0 spear
  8436 | D:5      | Noticed a +0 dagger
  8437 | D:5      | Noticed a +0 falchion
  8437 | D:5      | Noticed a +0 short sword
  8438 | D:5      | Noticed a +0 falchion
  8438 | D:5      | Noticed a +0 short sword
  8444 | D:5      | Found a hide-covered altar of Uskayaw.
  8528 | D:5      | Found the +10 Black Knight's barding {ponderous, rPois rN+}
  8569 | D:5      | Found Wedwaxit's Book Emporium.
  8632 | D:5      | Found a staircase to the Ecumenical Temple.
  8755 | D:5      | Became a worshipper of Uskayaw the Reveller
  8842 | D:6      | Reached * piety under Uskayaw
  9225 | D:6      | Reached ** piety under Uskayaw
  9227 | D:6      | Reached skill level 6 in Unarmed Combat
  9607 | D:6      | Found a glowing silver altar of Zin.
  9887 | D:7      | Found a shimmering blue altar of Sif Muna.
 10150 | D:7      | Reached skill level 5 in Ice Magic
 10182 | D:7      | Noticed a hornet
 10192 | D:7      | HP: 2/80 [hornet (9)]
 10194 | D:7      | Reached *** piety under Uskayaw
 10195 | D:7      | Killed a hornet
 10196 | D:7      | Reached XP level 9. HP: 12/72 MP: 11/15
 10601 | D:7      | Found a transporter.
 10609 | D:7      | Found a transporter.
 10609 | D:7      | Noticed a moth of wrath
 10615 | D:7      | Noticed kae's ghost (novice SpEn)
 10846 | D:7      | Found an ancient bone altar of Kikubaaqudgha.
 10868 | D:7      | Reached skill level 7 in Unarmed Combat
 11029 | D:7      | Reached skill level 5 in Fighting
 11035 | D:7      | Reached skill level 5 in Transmutations
 11035 | D:7      | Reached **** piety under Uskayaw
 11266 | D:7      | Found a shimmering altar of Xom.
 11893 | D:8      | Reached skill level 1 in Invocations
 12473 | D:8      | Reached skill level 5 in Dodging
 12473 | D:8      | Reached skill level 8 in Unarmed Combat
 12923 | D:8      | HP: 3/88 [electric eel/bolt of electricity (11)]
 12924 | D:8      | Killed from afar by an electric eel

Illustrated notes

Levels and vault maps discovered:
D:1:      ncdulo_wetmaze, layout_basic, minmay_tromino_mix6
D:2:      layout_loops_corners, dreamdust_ecumenical_altar_angels_and_demons
D:3:      minmay_roachtagon, layout_basic, serial_shops,
          nicolae_shop_behind_doors, minmay_ruptured, uniq_jessica,
          uniq_sigmund, uniq_terence
D:4:      layout_basic, mainiacjoe_overflow_big_doors,
          cheibrodos_sewer_entry_sluice
D:5:      layout_rooms, lemuel_crystal_altar, nicolae_uskayaw_en_pointe,
          temple_statues, serial_shops, kennysheep_mini_moat,
          nicolae_ossuary_entry_ruins
D:6:      layout_basic, zin_treasury
D:7:      layout_loops_corners, tgw_sif, nicolae_kikubaaqudgha_miasma_corner,
          tgw_xom, gammafunk_ghost_berserking_beasts, minmay_misc_feat_five
D:8:      layout_loops_ring, serial_shops,
          nicolae_shop_competitors_out_of_business, nicolae_lava_and_water

Skill      XL: |  1  2  3  4  5  6  7  8  9 |
---------------+----------------------------+-----
Dodging        | 2 3 4 5 |  5.0
Fighting       | 2 3 4 5 |  5.6
Poison Magic   | 1 2 |  2.0
Unarmed Combat | 4 5 6 8 |  8.0
Ice Magic      | 1 2 3 5 |  5.0
Transmutations | 3 4 5 |  5.4
Spellcasting   | 3 4 |  4.9
Invocations    | 1 |  1.9

Action                   |  1- 3 |  4- 6 |  7- 9 || total
-------------------------+-------+-------+-------++-------
Melee: Unarmed           |   135 |   194 |   349 ||   678
       Kick              |    10 |     5 |    11 ||    26
       Headbutt          |     4 |     6 |     5 ||    15
       Tailslap          |     7 |     6 |    24 ||    37
       Punch             |       |     2 |     1 ||     3
 Cast: Beastly Appendage |    26 |    14 |     5 ||    45
       Spider Form       |       |    16 |    22 ||    38
       Ice Form          |       |       |    20 ||    20
 Abil: Breathe Acid      |       |       |     1 ||     1
Evoke: Wand              |       |       |     3 ||     3
  Use: Scroll            |     6 |     2 |     7 ||    15
       Potion            |       |       |     2 ||     2
 Stab: Paralysed         |       |       |     4 ||     4
Armor: Skin              |    57 |    42 |    80 ||   179
Dodge: Dodged            |    97 |   163 |   305 ||   565

Table legend: (Time is in decaauts)
 A = Elapsed time spent in this place.
 B = Non-inter-level travel time spent in this place.
 C = Inter-level travel time spent in this place.
 D = Time resting spent in this place.
 E = Time spent auto-exploring this place.
 F = Levels seen in this place.
 G = Mean time per level.
                   A        B        C        D        E       F      G
               +--------+--------+--------+--------+--------+-----+--------+
         Total |  13087 |  12833 |    254 |   1749 |   9246 |  10 | 1308.7 |
       Dungeon |  10526 |  10272 |    254 |   1456 |   7413 |   8 | 1315.8 |
         Sewer |   1951 |   1951 |      0 |    293 |   1356 |   1 | 1951.0 |
       Ossuary |    609 |    609 |      0 |      0 |    477 |   1 |  609.0 |
               +--------+--------+--------+--------+--------+-----+--------+

Top non-repeatable levels by time:
   Sewer: 1951 daAuts
     D:7: 1695 daAuts
     D:4: 1558 daAuts
     D:1: 1503 daAuts
     D:3: 1465 daAuts
     D:8: 1460 daAuts
     D:2: 1042 daAuts
     D:6: 983 daAuts
     D:5: 819 daAuts
 Ossuary: 609 daAuts
